Map: [ESL] Tropical Sacrifice

Players

PeakLeadMale (MeomaikA)

  • Race: Zerg Zerg
  • League: Master
  • Spawn Location: 1:00

Rex - Winner!

  • Race: Zerg Zerg
  • League: Master
  • Spawn Location: 7:00

Event: TSL 9

VOD

Have the link to the VOD?

Description

Time

  • Played on: July 31, 2022, 8:57 a.m.
  • Length: 6:45

All games in this series

Show
View Real Time Build Order
Export as new Build Order

PeakLeadMale Zerg 

Build Orders: Pool First 

Get SALT Encoding   

  12  0:00  Drone  
  13  0:08  Drone  
  14  0:17  Overlord  
  14  0:25  Extractor  
  14  0:26  Drone  
  16  0:35  Drone x2  
  17  0:45  Spawning Pool  
  17  0:48  Drone  
  17  1:09  Hatchery  
  16  1:12  Drone  
  16  1:14  Extractor  
  16  1:17  Drone  
  17  1:32  Zergling x4  
  19  1:34  Queen  
  19  1:38  Drone  
  22  1:47  Overlord  
  22  2:06  Drone  
  23  2:09  Drone  
  23  2:10  Queen  
  23  2:13  Metabolic Boost  
  26  2:20  Drone  
  26  2:21  Drone  
  28  2:31  Drone  
  28  2:32  Drone  
  30  2:41  Drone  
  30  2:42  Drone x3  
  30  2:43  Drone  
  33  2:53  Overlord  
  33  2:54  Zergling x2  
  34  3:05  Zergling x2  
  35  3:13  Baneling Nest  
  35  3:14  Zergling x4  
  35  3:15  Zergling x6  
  35  3:16  Zergling x2  
  35  3:17  Zergling x2  
  35  3:18  Zergling x2  
  35  3:19  Zergling x2  
  42  3:33  Overlord  
  42  3:36  Zergling x2, Hatchery  
  42  3:40  Zergling x2  
  44  3:41  Zergling x2  
  44  3:54  Drone x7  
  52  3:58  Overlord  
  52  4:06  Lair  
  52  4:08  Extractor x2  
  52  4:09  Drone  
  51  4:12  Drone  
  51  4:16  Overlord  
  52  4:19  Drone  
  52  4:20  Drone  
  52  4:22  Drone  
  52  4:23  Drone  
  56  4:25  Drone  
  56  4:27  Extractor  
  56  4:29  Drone  
  57  4:37  Drone x4  
  61  4:40  Overlord  
  61  4:50  Overlord  
  61  4:55  Roach Warren  
  60  5:00  Overlord  
  60  5:04  Spire  
  59  5:08  Overlord  
  59  5:10  Drone x4  
  59  5:11  Zergling x2  
  64  5:21  Zergling x4, Overlord  
  66  5:22  Zergling x4  
  66  5:23  Zergling x2  
  66  5:26  Zergling x2  
  66  5:27  Zergling x2  
  71  5:29  Zergling x2  
  71  5:31  Overlord  
  70  5:48  Zergling x16  
  78  5:53  Roach x3  
  78  5:55  Roach x2  
  88  5:58  Roach  
  90  6:09  Roach  
  90  6:10  Roach x2  
  83  6:12  Roach x3  
  83  6:15  Roach  
  83  6:17  Roach  
  79  6:19  Roach  
Show
View Real Time Build Order
Export as new Build Order

Rex Zerg - Winner!

Build Orders: Hatch First, Roach Nydus 

Get SALT Encoding   

  12  0:00  Drone  
  13  0:13  Overlord  
  13  0:17  Drone  
  14  0:31  Drone x2  
  16  0:49  Hatchery  
  15  0:52  Drone  
  15  0:56  Drone  
  17  1:01  Drone  
  18  1:10  Extractor  
  17  1:15  Spawning Pool  
  17  1:18  Drone  
  17  1:21  Drone  
  18  1:29  Drone  
  19  1:41  Drone  
  20  1:55  Drone  
  21  2:01  Queen  
  21  2:02  Zergling x4, Queen  
  27  2:18  Overlord  
  27  2:19  Drone  
  28  2:38  Drone x4  
  28  2:42  Queen  
  28  2:44  Queen  
  34  2:50  Overlord  
  36  3:01  Overlord  
  36  3:09  Drone x4  
  39  3:16  Drone  
  39  3:17  Drone x4  
  44  3:23  Evolution Chamber  
  42  3:28  Roach Warren  
  42  3:29  Evolution Chamber  
  42  3:32  Drone x3  
  43  3:37  Lair  
  43  3:39  Drone  
  44  3:43  Drone x2  
  44  3:46  Extractor x2  
  44  3:50  Zerg Missile Weapons Level 1  
  44  3:53  Drone x2  
  44  3:55  Drone  
  47  3:56  Drone  
  47  3:59  Overlord  
  48  4:03  Overlord  
  48  4:06  Drone x2  
  50  4:13  Overlord  
  50  4:19  Roach x2  
  54  4:24  Roach x3  
  54  4:27  Overlord  
  54  4:29  Roach  
  62  4:32  Roach  
  62  4:34  Glial Reconstitution  
  64  4:39  Roach x2  
  64  4:43  Overseer  
  64  4:44  Roach  
  72  4:45  Roach  
  72  4:50  Roach x2  
  76  4:55  Roach x2  
  80  5:08  Hatchery  
  80  5:10  Roach x2  
  83  5:14  Overlord  
  83  5:16  Overlord  
  83  5:22  Nydus Network  
  83  5:24  Roach  
  83  5:28  Overlord  
  84  5:31  Overlord  
  84  5:34  Roach  
  86  5:40  Zergling x2, Roach x2  
  91  5:43  Roach  
  91  5:46  Roach  
  91  5:47  Roach  
  91  5:49  Roach  
  99  5:54  Roach x2  
  103  5:59  Nydus Canal  
  103  6:07  Roach x2  
  103  6:10  Roach  
  109  6:17  Nydus Canal  
Tags
 
Add a new tag
Caveats
  • Supply blocks, unpowered buildings, or Contaminate may cause inaccurate times.
  • Supply counts are checked every 10 seconds.